 Dungeon Crawl Stone Soup version 0.32-a0-314-g526f7d4993 (webtiles) character file.

Game seed: 1798084672629528940

1 Bravepunisher the Ducker (level 1, -12/11 HPs)
             Began as a Spriggan Monk on Feb 15, 2024.
             Mangled by a sleepcap (18 damage)
             ... on level 5 of the Dungeon.
             The game lasted 00:02:05 (567 turns).

Bravepunisher the Ducker (Spriggan Monk)             Turns: 567, Time: 00:02:05

Health: -12/11     AC:  2    Str:  7    XL:     1   Next: 16%
Magic:  2/2        EV:  4    Int: 11    God:
Gold:   47         SH:  0    Dex: 17    Spells: 0/0 levels left

rFire   . . .        a - +0 short sword
rCold   . . .        (no shield)
rNeg    . . .        b - +0 robe
rPois   .            (helmet restricted)
rElec   .            (no cloak)
rCorr   .            (gloves unavailable)
SInv    +            (boots unavailable)
Will    .....        (no amulet)
Stlth   ++           (no ring)
HPRegen 0.21/turn    (no ring)
MPRegen 0.08/turn

%: no passive effects
@: sleeping, very quick
A: very small, no large weapons, unfitting armour, see invisible, speed 3
a: no special abilities


You were on level 5 of the Dungeon.
You visited 1 branch of the dungeon, and saw 6 of its levels.

You collected 47 gold pieces.

Inventory:

Hand Weapons
 a - a +0 short sword (weapon)
Armour
 b - a +0 robe (worn)
Scrolls
 d - a scroll of fog {unknown}
 f - 2 scrolls of teleportation {unknown}
 g - a scroll of noise {unknown}
 h - a scroll of identify {unknown}
Potions
 c - a potion of ambrosia
 e - a potion of invisibility {unknown}
 i - a potion of attraction {unknown}


   Skills:
 + Level 2.4 Fighting
 - Level 3.2 Short Blades
 * Level 4.1 Dodging


You couldn't memorise any spells.
You didn't know any spells.
Your spell library contained the following spells:

 Spells                   Type           Power      Damage    Failure   Level
 Cause Fear               Hex            0%         N/A       98%         4
 Fireball                 Conj/Fire      0%         3d3       100%        5
 Dragon's Call            Summ           0%         N/A       100%        9


Dungeon Overview and Level Annotations

Branches:
Dungeon (6/15)
 Temple: D:4-7

Altars:


Innate Abilities, Weirdness & Mutations

You are very small and have problems with some larger weapons.
You are too small for most types of armour.
You have supernaturally acute eyesight. (SInv)
You cover ground extremely quickly. (Speed+++)


Message History

The ball of steam hits you!
Ouch! That really hurt!
* * * LOW HITPOINT WARNING * * *
The ufetubus slips past you! The ufetubus misses you. x2
You hear a shout! x2
You climb upwards.
Found a scroll labelled MITWIR ICSIESH and 6 gold pieces.
There is a stone staircase leading down here.
HP restored.
g - a scroll labelled MITWIR ICSIESH
Found an escape hatch in the ceiling.
You now have 33 gold pieces (gained 6).
You pick up a book of the Dragon and begin reading...
You add the spells Cause Fear, Fireball and Dragon's Call to your library.
You now have 47 gold pieces (gained 14).
There is an escape hatch in the ceiling here.
h - a scroll labelled BOIKEO ROUCLU
i - a fizzy pink potion A gnoll comes into view.
It is wielding a +0 flail.
A shadow imp comes into view.
The shadow imp shouts, "Succumb, thou grime-gilt moldwarp beggar!"
Found a scroll labelled NUASOF USTOL.
Found a ring mail.
You open the door.
A sleepcap comes into view.
A hound comes into view.
The hound barks!
A scorpion comes into view.
The hound attacks as it pursues you! The hound closely misses you.
The hound pauses to sniff the ground.
The sleepcap attacks as it pursues you! The sleepcap misses you.
You see here a +0 ring mail.
Found 9 gold pieces.
You see here 9 gold pieces.
The sleepcap releases spores at you.
You are engulfed in a cloud of soporific spores!
You fall asleep.
The sleepcap releases spores at you!!
Ouch! That really hurt!
You die...

## .###...........#
.# #. #......s.##.#
.# #. #f####......#
.! #.########### #
#.##.h...#
#.##.###.##########
#.##.# #.##.......#
#..h.# #.##.#####.#
########.@f.....#.#
..........###.#.#
#########.....#.#
#.#####.# #.# #.#
#.# #h# #.#####.# .
#.....#.# #####.#.#


You could see a sleepcap.

Vanquished Creatures
  A kobold (D:4)
1 creature vanquished.

Notes
Turn   | Place    | Note
-------+----------+-------------------------------------------
     0 | D:1      | Bravepunisher the Spriggan Monk began the quest for the
                  | Orb.
     0 | D:1      | Reached XP level 1. HP: 11/11 MP: 2/2
   295 | D:4      | Noticed a sleepcap
   295 | D:4      | Noticed an iguana
   319 | D:5      | Entered Level 5 of the Dungeon
   325 | D:5      | Noticed a phantom
   355 | D:6      | Noticed a steam dragon
   491 | D:5      | Noticed a sleepcap
   496 | D:5      | Noticed a hound
   498 | D:5      | Noticed a scorpion
   567 | D:5      | Mangled by a sleepcap

Illustrated notes

Levels and vault maps discovered:
D:1:      nzn_arrival_water_spiral, layout_loops_ring, minmay_small_reverse_x
D:2:      layout_basic, dilly_ecumenical_altar_fadedgnrine
D:3:      layout_loops_corners, st_stairs_3, hangedman_decor_slide_cut,
          uniq_crazy_yiuf_cottage, uniq_terence, uniq_sigmund
D:4:      layout_loops_corners, fedhas_altar_1, minmay_temple_entry_mini_moons,
          uniq_pikel
D:5:      layout_basic, nicolae_the_louvre
D:6:      layout_gridville, nicolae_ossuary_entry_catacombs, abandoned_shop,
          uniq_grinder, uniq_menkaure

Action                     || total
---------------------------++-------
  Melee: Short sword       ||     1
 Armour: Robe              ||    10
  Dodge: Dodged            ||    29

Table legend: (Time is in decaauts)
 A = Elapsed time spent in this place.
 B = Non-inter-level travel time spent in this place.
 C = Inter-level travel time spent in this place.
 D = Time resting spent in this place.
 E = Time spent auto-exploring this place.
 F = Levels seen in this place.
 G = Mean time per level.
                   A        B        C        D        E       F      G
               +--------+--------+--------+--------+--------+-----+--------+
         Total |    374 |    374 |      0 |      0 |    176 |   6 |   62.3 |
       Dungeon |    374 |    374 |      0 |      0 |    176 |   6 |   62.3 |
               +--------+--------+--------+--------+--------+-----+--------+

Top non-repeatable levels by time:
     D:5: 151 daAuts
     D:4: 129 daAuts
     D:2: 47 daAuts
     D:6: 21 daAuts
     D:3: 18 daAuts
     D:1: 7 daAuts
